 Dungeon Crawl Stone Soup version 0.28-a0-925-gd5e1996cdb (webtiles) character file.

Game seed: 16571569483864120295

35570 funkygono the Basher (level 13, -4/81 HPs)
             Began as a Gargoyle Fighter on Nov 26, 2021.
             Was an Elder of Okawaru.
             Slain by a death yak (8 damage)
             ... on level 4 of the Lair of Beasts.
             The game lasted 00:46:33 (19756 turns).

funkygono the Basher (Gargoyle Fighter)            Turns: 19756, Time: 00:46:34

Health: -4/81      AC: 22    Str: 26    XL:     13   Next: 84%
Magic:  0/24       EV: 11    Int: 13    God:    Okawaru [****..]
Gold:   1011       SH:  5    Dex:  9    Spells: 24/27 levels left

rFire   . . .      SeeInvis +   W - +4 morningstar of the Lusting Wasp {freeze, *Rage rN+ Str+2 Int+3}
rCold   . . .      Faith    .   c - +0 buckler
rNeg    + + .      Spirit   +   q - +0 scale mail {Will+}
rPois   ∞          Reflect  .   (no helmet)
rElec   +          Harm     .   (no cloak)
rCorr   +          Rampage  .   A - +2 pair of gloves {Stlth+}
Will    ++...      Rage     20% R - +0 pair of boots
Stlth   +.........              V - amulet "Deycs" {Spirit Fragile rCorr SInv}
HPRegen 0.23/turn               d - ring of willpower
MPRegen 0.19/turn               U - +4 ring of slaying

@: on berserk cooldown, studying Spellcasting
A: sickness immunity, AC +9, negative energy resistance 1, electricity
resistance, torment resistance 1, petrification resistance
a: Renounce Religion, Heroism, Finesse


You were on level 4 of the Lair of Beasts.
You worshipped Okawaru.
Okawaru was greatly pleased with you.
You visited 3 branches of the dungeon, and saw 16 of its levels.
You also visited: Sewer and Ossuary.

You collected 1011 gold pieces.

Inventory:

Hand Weapons
 z - a +7 eveningstar of venom
 W - the +4 morningstar of the Lusting Wasp (weapon) {freeze, *Rage rN+ Str+2 Int+3}
   (You found it on level 4 of the Lair of Beasts)

   It freezes those it strikes, dealing additional cold damage.
   It can also slow down cold-blooded creatures.
   Str:       It affects your strength (+2).
   Int:       It affects your intelligence (+3).
   rN:        It protects you from negative energy.
   *Rage:     It berserks you when you make melee attacks (+20% chance).
Missiles
 e - 10 silver javelins (quivered)
 i - 11 boomerangs
 y - 68 poisoned darts
 B - a throwing net
 G - 22 atropa-tipped darts
Armour
 c - a +0 buckler (worn)
 f - a +0 chain mail
 q - a +0 scale mail of willpower (worn)
 A - a +2 pair of gloves of stealth (worn)
 R - a +0 pair of boots (worn)
Magical Staves
 J - a staff of poison
Jewellery
 d - a ring of willpower (left hand)
 o - a ring of see invisible
 E - the amulet of Nehuic {Acrobat -Tele rElec Will+}
   (You found it on level 7 of the Dungeon)

   [amulet of the acrobat]

   It increases your evasion while moving and waiting.
   rElec:     It insulates you from electricity.
   -Tele:     It prevents most forms of teleportation.
   Will:      It increases your willpower.
 L - a ring of resist corrosion
 N - an amulet of reflection
 U - a +4 ring of slaying (right hand)
 V - the amulet "Deycs" (around neck) {Spirit Fragile rCorr SInv}
   (You acquired it on level 4 of the Lair of Beasts)

   [amulet of guardian spirit]

   It causes incoming damage to be divided between your reserves of health and
   magic.
   SInv:      It lets you see invisible.
   rCorr:     It protects you from acid and corrosion.
   Fragile:   It will be destroyed if unequipped.
Wands
 p - a wand of flame (13)
 I - a wand of acid (8)
 M - a wand of paralysis (32)
 Q - a wand of iceblast (12)
 T - a wand of mindburst (9)
Scrolls
 b - 3 scrolls of fear
 h - 5 scrolls of identify
 j - 6 scrolls of fog
 t - 2 scrolls of silence
 v - 7 scrolls of teleportation
Potions
 n - 10 potions of curing
 r - a potion of heal wounds
 w - 2 potions of flight
 D - 5 potions of invisibility
 H - 4 potions of haste
 K - a potion of mutation
 O - a potion of might
 S - a potion of ambrosia
Miscellaneous
 C - a piece from Xom's chessboard (14/15)


   Skills:
 + Level 9.7 Fighting
 + Level 13.5 Maces & Flails
 + Level 7.4 Throwing
 + Level 9.3 Armour
 + Level 3.4 Dodging
 - Level 2.6 Stealth
 + Level 7.4 Shields
 * Level 7.8 Spellcasting
 * Level 5.9 Conjurations
 * Level 6.9 Earth Magic
 + Level 1.8 Invocations
 + Level 3.0 Evocations


You had 24 spell levels left.
You knew the following spells:

 Your Spells              Type           Power      Damage    Failure   Level
a - Stone Arrow           Conj/Erth      42%        3d9       6%          3

Your spell library contained the following spells:

 Spells                   Type           Power      Damage    Failure   Level
 Magic Dart               Conj           80%        1d7       2%          1
 Searing Ray              Conj           40%        2d5       3%          2
 Freeze                   Ice            20%        1d4       28%         1
 Corpse Rot               Necr/Air       10%        N/A       38%         2
 Poisonous Vapours        Pois/Air       10%        N/A       38%         2
 Frozen Ramparts          Ice            10%        1d3       63%         3
 Flame Wave               Conj/Fire      12%        3d4       63%         4
 Fulminant Prism          Conj/Hex       6%         3d7       63%         4
 Hailstorm                Conj/Ice       12%        3d5       63%         4
 Lightning Bolt           Conj/Air       6%         1d18      92%         5
 Olgreb's Toxic Radiance  Pois           5%         N/A       95%         4
 Dispersal                Tloc           2%         N/A       100%        6
 Orb of Destruction       Conj           10%        9d5       100%        7
 Ozocubu's Refrigeration  Ice            2%         4d5       100%        7
 Disjunction              Tloc           2%         N/A       100%        8
 Ignition                 Fire           2%         3d3       100%        8
 Lehudib's Crystal Spear  Conj/Erth      10%        10d4      100%        8
 Animate Armour           Summ/Erth      Unusable   N/A       N/A         4
 Summon Guardian Golem    Hex/Summ       Unusable   N/A       N/A         3
 Spellforged Servitor     Conj/Summ      Unusable   N/A       N/A         7

Dungeon Overview and Level Annotations

Branches:
Dungeon (10/15)            Temple (1/1) D:7            Lair (5/6) D:9
 Shoals (0/4) Lair:3        Snake (0/4) Lair:4          Orc (0/2) D:10
  Sewer (visited)         Ossuary (visited)
  Slime: Lair:5-6

Altars:
Cheibriados
Makhleb
Nemelex Xobeh
Okawaru
Qazlal
Ru
Xom
Yredelemnul
Zin
The Shining One

Shops:
D:2 *   D:4 !


Innate Abilities, Weirdness & Mutations

You are immune to sickness and miasma.
Your stone body is resilient. (AC +9)
You are immune to poison.
You resist negative energy. (rN+)
You are resistant to electric shocks. (rElec)
You are resistant to unholy torment.
You are immune to petrification.


Message History

The death yak closely misses you. x2
The death yak gores you but does no damage.
The death yak gores you. The death yak barely misses you.
The death yak closely misses you. The death yak gores you!
The death yak gores you!
* * * LOW HITPOINT WARNING * * *
You feel like a meek peon again.
You completely miss the death yak. The death yak misses you.
You barely miss the death yak. You hit the death yak. You freeze the death yak.
The death yak is almost dead.
The death yak gores you but does no damage.
The death yak gores you!
* * * LOW HITPOINT WARNING * * *
You hit the death yak. You freeze the death yak.
The death yak is lightly wounded.
The death yak misses you. The death yak barely misses you.
Unknown command.
The death yak barely misses you.
The death yak gores you but does no damage.
The death yak gores you!
* * * LOW HITPOINT WARNING * * *
The death yak gores you but does no damage.
You feel yourself speed up.
The death yak gores you but does no damage.
You feel much better. The death yak gores you!!
* * * LOW HITPOINT WARNING * * *
The death yak gores you.
* * * LOW HITPOINT WARNING * * *
The death yak barely misses you.
You impale the death yak!! You freeze the death yak!
You kill the death yak!
Okawaru accepts your kill. The death yak closely misses you.
You puncture the death yak! You freeze the death yak.
The death yak is moderately wounded.
The death yak gores you!
You die...

#...≈.≈.≈.# ##........#...
#♣.♣♣.♣♣P≈###### #.............
##..♣...♣≈≈#....## ##............
......>..........# ##.........###
.#♣.♣...♣P.#.....###..........#
.#♣≈♣♣.♣♣.≈#.....#.##.........#
.#≈..≈.PP..#......#...........##
.##P≈≈.≈≈≈##.........##........#
.>####.#####...†@...####....####
..# #.##......YY...# #..###
..####..#..+#.....#.# ####
####......8.......###
#......##...###.#.#
.....##.......##### #####
.....#..........# ###...#####
...##...........###......##.#####
####....#....#....#......P......#


You could see 2 death yaks.

Vanquished Creatures
  5 hydras
  A catoblepas (Lair:3)
  A two-headed ogre (D:9)
  A death yak (Lair:4)
  Nergalle (Lair:1)
  Urug (Lair:1)
  Pikel (D:4)
  16 elephants
  3 black mambas
  A gargoyle (D:10)
  A torpor snail (Lair:5)
  An unseen horror (D:5)
  8 cane toads
  A rime drake (Lair:4)
  6 komodo dragons
  A troll (D:9)
  A hornet (D:10)
  2 polar bears
  Grinder (D:4)
  8 blink frogs
  A meliai zombie (D:10)
  A centaur simulacrum (D:9)
  A wraith (D:5)
  2 wyverns
  51 yaks
  A basilisk (D:9)
  12 water moccasins
  Duvessa (D:5)
  2 ice beasts
  5 ogres
  3 orc warriors
  2 sky beasts (D:6)
  4 black bears
  2 necrophages (D:5)
  3 wolves (Lair:2)
  9 centaurs
  A phantom (D:4)
  2 lemures (D:4)
  3 kobold brigands
  Blork the orc (D:4)
  10 bullfrogs
  2 gnoll sergeants
  A water moccasin zombie (D:5)
  11 scorpions
  Dowan (D:5)
  2 electric eels
  A howler monkey (D:10)
  5 centaur zombies
  5 human zombies (Ossuary)
  A bullfrog zombie (D:5)
  5 hounds
  3 orc priests
  A centaur skeleton (D:4)
  3 jellies
  A gnoll shaman (D:10)
  4 bullfrog skeletons
  3 iguanas
  3 orc wizards
  4 scorpion zombies (Ossuary)
  A killer bee zombie (D:9)
  3 mummies (Ossuary)
  3 howler monkey zombies
  20 gnolls
  A howler monkey skeleton (D:4)
  4 adders
  3 river rats (Sewer)
  A shadow imp (D:7)
  An ufetubus (D:5)
  2 adder skeletons (D:4)
  5 worms
  9 orcs
  7 ball pythons
  12 bats
  4 endoplasms
  7 giant cockroaches
  A goblin (D:2)
  9 hobgoblins
  4 jackals (D:3)
  14 kobolds
  6 quokkas
  2 frilled lizards
  3 gnoll zombies (Ossuary)
  2 goblin zombies (Ossuary)
  2 kobold zombies (Ossuary)
  6 rats
  A bush (D:6)
367 creatures vanquished.

Vanquished Creatures (others)
  20 fungi
  35 plants
55 creatures vanquished.

Grand Total: 422 creatures vanquished

Notes
Turn   | Place    | Note
-------+----------+-------------------------------------------
     0 | D:1      | funkygono the Gargoyle Fighter began the quest for the Orb.
     0 | D:1      | Reached XP level 1. HP: 14/14 MP: 1/1
   492 | D:1      | Reached XP level 2. HP: 19/19 MP: 2/2
   689 | D:1      | You fall into a shaft and drop 1 floor!
  1026 | D:1      | Reached XP level 3. HP: 24/24 MP: 3/3
  1371 | D:2      | Reached skill level 1 in Throwing
  1467 | D:2      | Found Poviu's Assorted Antiques.
  1881 | D:3      | Reached XP level 4. HP: 27/29 MP: 4/4
  1910 | D:3      | Found a faded altar of an unknown god.
  2293 | D:3      | Reached skill level 3 in Maces & Flails
  2499 | D:4      | Found Zyffipuk's Distillery.
  2584 | D:4      | Reached XP level 5. HP: 33/33 MP: 5/5
  2619 | D:4      | Noticed Grinder
  2625 | D:4      | Paralysed by Grinder for 6 turns
  2640 | D:4      | Found a sand-covered staircase.
  2644 | Ossuary  | Entered an ossuary
  2837 | Ossuary  | Reached XP level 6. HP: 38/38 MP: 6/6
  2944 | Ossuary  | Reached skill level 4 in Maces & Flails
  3140 | Ossuary  | Reached XP level 7. HP: 44/44 MP: 7/7
  3270 | Ossuary  | Reached skill level 5 in Maces & Flails
  3781 | Ossuary  | Reached skill level 5 in Fighting
  3803 | Ossuary  | Reached skill level 6 in Maces & Flails
  3803 | Ossuary  | Reached XP level 8. HP: 47/49 MP: 8/8
  3907 | D:4      | Noticed Blork the orc
  3920 | D:4      | Killed Blork the orc
  3969 | D:4      | Killed Grinder
  3970 | D:4      | Reached skill level 1 in Dodging
  4078 | D:4      | Noticed Pikel
  4103 | D:4      | Paralysed by Pikel for 3 turns
  4123 | D:4      | Paralysed by Pikel for 4 turns
  4128 | D:4      | Killed Pikel
  4129 | D:4      | Reached skill level 7 in Maces & Flails
  4129 | D:4      | Reached skill level 5 in Throwing
  4129 | D:4      | Reached skill level 5 in Armour
  4590 | D:4      | Reached XP level 9. HP: 53/54 MP: 9/9
  4767 | D:4      | Found an iron altar of Okawaru.
  4786 | D:4      | Found a shimmering altar of Xom.
  4892 | D:5      | Entered Level 5 of the Dungeon
  4894 | D:5      | Noticed Dowan
  4895 | D:5      | Noticed Duvessa
  4906 | D:5      | Killed Duvessa
  4915 | D:5      | Killed Dowan
  5000 | D:5      | Noticed an unseen horror
  5020 | D:5      | Killed an unseen horror
  5104 | D:5      | Reached skill level 8 in Maces & Flails
  5372 | D:5      | Reached skill level 5 in Shields
  5971 | D:5      | Reached XP level 10. HP: 61/61 MP: 10/10
  6330 | D:4      | Found a snail-covered altar of Cheibriados.
  6338 | D:4      | Became a worshipper of Warmaster Okawaru
  6679 | D:6      | Found a glowing silver altar of Zin.
  6782 | D:6      | Reached skill level 9 in Maces & Flails
  6785 | D:6      | Found a glowing drain.
  6810 | Sewer    | Entered a sewer
  7456 | D:6      | Reached * piety under Okawaru
  8552 | D:7      | Found a staircase to the Ecumenical Temple.
  8575 | Temple   | Entered the Ecumenical Temple
  8648 | D:7      | Identified the amulet of Nehuic {Acrobat -Tele rElec Will+}
  8987 | D:7      | Reached skill level 1 in Stealth
  9165 | D:7      | Found a glowing golden altar of the Shining One.
  9441 | D:8      | Reached skill level 10 in Maces & Flails
  9585 | D:8      | Reached skill level 1 in Evocations
  9606 | D:8      | Reached ** piety under Okawaru
  9948 | D:8      | Found a basalt altar of Yredelemnul.
 10033 | D:8      | Reached XP level 11. HP: 58/67 MP: 11/11
 10665 | D:9      | Found a sparkling altar of Nemelex Xobeh.
 10717 | D:9      | Found a staircase to the Lair.
 10736 | D:9      | Noticed a two-headed ogre
 10744 | D:9      | Killed a two-headed ogre
 10744 | D:9      | Reached *** piety under Okawaru
 10914 | D:9      | Reached skill level 11 in Maces & Flails
 11062 | D:9      | Found a stormy altar of Qazlal.
 11178 | D:9      | Received a gift from Okawaru
 11379 | D:9      | Found a sacrificial altar of Ru.
 11597 | D:9      | Found a burning altar of Makhleb.
 11750 | D:10     | Entered Level 10 of the Dungeon
 11866 | D:10     | Found a staircase to the Orcish Mines.
 12065 | D:10     | Got Syityrik's Papyrus of Attacks
 13084 | D:10     | Learned a level 3 spell: Stone Arrow
 13190 | Lair:1   | Entered Level 1 of the Lair of Beasts
 13253 | Lair:1   | Reached **** piety under Okawaru
 13258 | Lair:1   | Received a gift from Okawaru
 13272 | Lair:1   | Reached skill level 1 in Spellcasting
 13274 | Lair:1   | Reached skill level 1 in Conjurations
 13274 | Lair:1   | Reached skill level 1 in Earth Magic
 13425 | Lair:1   | Noticed Nergalle
 13429 | Lair:1   | Noticed a spectral orc warlord
 13442 | Lair:1   | Killed Nergalle
 13609 | Lair:1   | Noticed Urug
 13624 | Lair:1   | Killed Urug
 13625 | Lair:1   | Reached XP level 12. HP: 33/75 MP: 15/15
 13943 | Lair:1   | Noticed a seven-headed hydra
 13950 | Lair:1   | Killed a seven-headed hydra
 13967 | Lair:1   | Received a gift from Okawaru
 13968 | Lair:1   | Noticed a seven-headed hydra
 13982 | Lair:1   | Killed a seven-headed hydra
 14311 | Lair:1   | Reached skill level 12 in Maces & Flails
 14631 | Lair:2   | Received a gift from Okawaru
 14742 | Lair:2   | Noticed a seven-headed hydra
 14751 | Lair:2   | Killed a seven-headed hydra
 15187 | Lair:2   | Noticed a four-headed hydra
 15203 | Lair:2   | HP: 3/75 [four-headed hydra (2)]
 15237 | Lair:1   | Killed a four-headed hydra
 15238 | Lair:1   | Reached skill level 5 in Spellcasting
 15488 | Lair:2   | Received a gift from Okawaru
 15709 | Lair:2   | Noticed a six-headed hydra
 15717 | Lair:2   | Killed a six-headed hydra
 16323 | Lair:2   | Reached skill level 5 in Earth Magic
 16633 | Lair:3   | Found a staircase to the Shoals.
 16645 | Lair:3   | Reached XP level 13. HP: 78/80 MP: 18/21
 16932 | Lair:3   | Reached skill level 1 in Invocations
 17852 | Lair:4   | Reached skill level 5 in Conjurations
 17859 | Lair:4   | Reached skill level 13 in Maces & Flails
 18185 | Lair:4   | Found a staircase to the Snake Pit.
 18205 | Lair:4   | Received a gift from Okawaru
 18408 | Lair:4   | Identified the +4 morningstar of the Lusting Wasp {freeze,
                  | *Rage rN+ Str+2 Int+3}
 19324 | Lair:4   | Received a gift from Okawaru
 19391 | Lair:4   | Identified a scroll of acquirement
 19393 | Lair:4   | Acquired the amulet "Deycs" {Spirit Fragile rCorr SInv}
 19624 | Lair:5   | Received a gift from Okawaru
 19754 | Lair:4   | HP: 4/81 [death yak (2)]
 19756 | Lair:4   | Slain by a death yak

Illustrated notes

Levels and vault maps discovered:
D:1:      grunt_arrival_crossed_arrows, layout_basic
D:2:      layout_basic, serial_shops, nicolae_shop_overgrown_old_shop
D:3:      layout_loops_ring, basic_ecumenical_altar
D:4:      layout_basic, nicolae_overflow_hidden_temple, kennysheep_mini,
          enter_ossuary_5, serial_shops, shop_statue, uniq_grinder,
          uniq_blork_the_orc, uniq_pikel
D:5:      minmay_clustersquares, layout_loops_cross, hellmonk_bongcloud_opening,
          minmay_manual_moon, uniq_duvessa
D:6:      layout_loops_ring, lemuel_tele_altar, cheibrodos_sewer_entry_drain,
          kennysheep_donut, grunt_ministairs_3, kb_lookout_dungeons_type,
          serial_park_tiny_1, dk_noncrumbling_3
D:7:      layout_rooms, kennysheep_mini_moat, minmay_temple_entry_hall
D:8:      layout_loops_ring, mainiacjoe_overflow_alcove_2
D:9:      layout_stronghold, nicolae_ru_awakened_eye,
          mainiacjoe_overflow_boulevard, kennysheep_little_box,
          grunt_qazlal_clouds, david_lair_generic
D:10:     layout_basic, orc_0_dummy, chequers_serial_rivers_micro_c
Temple:   minmay_temple_bridge_abc
Lair:1:   layout_concentric_octagons, uniq_nergalle, uniq_urug
Lair:2:   layout_chaotic_city, infiniplex_staircase_pool, serial_bayou_shore_a
Lair:3:   wad_woods_04, layout_regular_city, minmay_shoals_entry_centaurs,
          serial_forest, infiniplex_forest_end_1, infiniplex_forest_lined_2,
          infiniplex_forest_straight_3, infiniplex_forest_corner_1,
          infiniplex_forest_lined_corner, nicolae_quartered_pool_super,
          grunt_forest_small_clearing_treed
Lair:4:   layout_cave_pods, guppyfry_snake_entry_garden,
          small_statue_intersection, grunt_megastairs_5
Lair:5:   layout_hall_layers, ebering_ghost_disaster_area,
          nicolae_volcano_entry_s_turn, serial_bayou_pond_a

Skill      XL: |  1  2  3  4  5  6  7  8  9 10 11 12 13 |
---------------+----------------------------------------+-----
Throwing       | 1 2 3 5 6 7 |  7.4
Maces & Flails | 3 4 6 7 8 10 11 12 13 | 13.5
Fighting       | 4 5 6 7 8 9 |  9.7
Armour         | 4 5 6 7 8 9 |  9.3
Shields        | 4 5 6 7 |  7.4
Dodging        | 1 2 3 |  3.4
Stealth        | 1 2 |  2.6
Evocations     | 1 2 3 |  3.0
Spellcasting   | 2 5 7 |  7.8
Conjurations   | 1 4 5 |  5.9
Earth Magic    | 1 5 6 |  6.9
Invocations    | 1 |  1.8

Action                   |  1- 3 |  4- 6 |  7- 9 | 10-12 | 13-15 || total
-------------------------+-------+-------+-------+-------+-------++-------
Melee: Flail             |    91 |   125 |   336 |   543 |       ||  1095
       Eveningstar       |       |       |       |   137 |   156 ||   293
       Morningstar       |       |       |       |       |    34 ||    34
Throw: Dart              |    50 |    22 |    50 |    81 |       ||   203
       Stone             |       |    12 |    62 |       |       ||    74
       Javelin           |       |       |       |    11 |       ||    11
 Cast: Stone Arrow       |       |       |       |    14 |    24 ||    38
Invok: Heroism           |       |       |       |    15 |    26 ||    41
Evoke: Wand              |       |       |       |    37 |     4 ||    41
       Piece from Xom's  |       |       |       |     1 |     4 ||     5
  Use: Scroll            |     6 |       |     8 |    16 |     2 ||    32
       Potion            |       |     1 |       |     1 |     1 ||     3
 Stab: Paralysed         |       |       |       |     4 |       ||     4
       Petrified         |       |       |       |     1 |       ||     1
       Sleeping          |       |       |       |       |     1 ||     1
Armor: Scale mail        |    46 |       |       |   126 |    79 ||   251
       Chain mail        |       |    75 |   160 |   243 |       ||   478
Dodge: Dodged            |    38 |    53 |   111 |   325 |   120 ||   647
Block: Buckler           |    18 |    23 |    47 |   156 |    47 ||   291

Table legend: (Time is in decaauts)
 A = Elapsed time spent in this place.
 B = Non-inter-level travel time spent in this place.
 C = Inter-level travel time spent in this place.
 D = Time resting spent in this place.
 E = Time spent auto-exploring this place.
 F = Levels seen in this place.
 G = Mean time per level.
                   A        B        C        D        E       F      G
               +--------+--------+--------+--------+--------+-----+--------+
         Total |  19803 |  19224 |    579 |    682 |  14373 |  18 | 1100.2 |
       Dungeon |  11523 |  11194 |    329 |    457 |   8223 |  10 | 1152.3 |
        Temple |      1 |      1 |      0 |      0 |      0 |   1 |    1.0 |
          Lair |   6495 |   6246 |    249 |     18 |   5232 |   5 | 1299.0 |
         Sewer |    495 |    495 |      0 |      3 |    291 |   1 |  495.0 |
       Ossuary |   1287 |   1287 |      0 |    204 |    626 |   1 | 1287.0 |
               +--------+--------+--------+--------+--------+-----+--------+

Top non-repeatable levels by time:
  Lair:2: 1815 daAuts
  Lair:1: 1719 daAuts
     D:6: 1713 daAuts
  Lair:4: 1597 daAuts
     D:5: 1474 daAuts
    D:10: 1352 daAuts
 Ossuary: 1287 daAuts
     D:9: 1259 daAuts
     D:1: 1237 daAuts
  Lair:3: 1234 daAuts
     D:8: 1204 daAuts
     D:4: 1149 daAuts
     D:7: 836 daAuts
     D:3: 723 daAuts
     D:2: 572 daAuts
